 Dungeon Crawl Stone Soup version 0.28-a0-429-g1448048969 (webtiles) character file.

Game seed: 6344403298251837673

80 olmar the Insei (level 4, 0/32 HPs)
             Began as a Djinni Transmuter on Sept 11, 2021.
             Was a Believer of Elyvilon.
             Slain by a gnoll (5 damage)
             ... on level 2 of the Dungeon.
             The game lasted 00:05:19 (2613 turns).

olmar the Insei (Djinni Transmuter)                 Turns: 2613, Time: 00:05:19

Health: 0/32       AC:  2    Str:  9    XL:     4   Next: 65%
Gold:   90         EV: 12    Int: 16    God:    Elyvilon [**....] SH:  0 Dex: 13

rFire   + + .      SeeInvis .     - Unarmed
rCold   x . .      Faith    .   (no shield)
rNeg    . . .      Spirit   .   a - +0 robe
rPois   ∞          Reflect  .   (helmet currently unavailable)
rElec   .          Harm     .   (no cloak)
rCorr   .          Rampage  .   (no gloves)
Will    .....                   (boots unavailable)
Stlth   +.........              (no amulet)
HPRegen 0.10/turn               (no ring)
MPRegen 0.00/turn               (no ring)

@: appendages, flying
A: horns 2, flying, sickness immunity, fire resistance 2, cold vulnerability 1,
float, innate caster, hp casting, extra vitality 1
a: End Transformation, Renounce Religion, Lesser Healing, Heal Other, Divine
Protection


You were on level 2 of the Dungeon.
You worshipped Elyvilon.
Elyvilon was pleased with you.
You had temporarily grown beastly horns.
You visited 1 branch of the dungeon, and saw 3 of its levels.

You collected 90 gold pieces.

Inventory:

Armour
 a - a +0 robe (worn)
Scrolls
 b - a scroll of silence {unknown}
Potions
 c - 2 potions of lignification {unknown}
 d - 2 potions of curing {unknown}
 e - a potion of might {unknown}
 f - a potion of mutation {unknown}
 g - a potion of berserk rage {unknown}


   Skills:
 + Level 1.2 Fighting
 + Level 2.8 Dodging
 + Level 3.9 Unarmed Combat
 + Level 2.4 Spellcasting


You couldn't memorise any spells.
You knew the following spells:

 Your Spells              Type           Power      Damage    Failure   Level
a - Beastly Appendage     Tmut           18%        N/A       8%          1
b - Wereblood             Tmut           9%         N/A       11%         2
c - Spider Form           Tmut/Pois      4%         N/A       22%         3
d - Ice Form              Ice/Tmut       9%         N/A       58%         4
e - Animate Skeleton      Necr           18%        N/A       8%          1
Your spell library was empty.

Dungeon Overview and Level Annotations

Branches:
Dungeon (3/15)

Altars:
Elyvilon

Shops:
D:2 :


Innate Abilities, Weirdness & Mutations

You have temporarily grown beastly horns.
You are flying.
You are immune to sickness and miasma.
You are immune to poison.
Your flesh is very heat resistant. (rF++)
You are vulnerable to cold. (rC-)
You float through the air rather than walking.
You learn spells naturally, not from books.
Your magical power is your life essence.
You have superior vitality. (+4 HP)


Message History

The gnoll hits you from afar with a +0 spear!
The quokka closely misses you.
There is an open door here.
You are healed.
The quokka closely misses you.
You are healed.
The quokka bites you. The gnoll barely misses you.
You are healed.
The quokka bites you. The gnoll closely misses you.
The quokka twitches its whiskers.
The quokka misses you.
You fail to use your ability.
The gnoll barely misses you. The quokka closely misses you.
You fail to use your ability.
The gnoll barely misses you. The quokka bites you.
You are healed.
The quokka bites you but does no damage.
The gnoll closely misses you.
You are healed.
The quokka bites you.
The gnoll hits you from afar with a +0 spear.
Casting: Beastly Appendage (safe; 8% risk of failure)
Confirm with . or Enter, or press ? or * to list all spells.
You grow a pair of large bovine horns.
The quokka barely misses you. The gnoll closely misses you.
The quokka barely misses you.
Unknown command.
You hit the quokka but do no damage.
The quokka is heavily wounded.
The gnoll hits you from afar with a +0 spear.
The quokka bites you.
You hit the quokka.
You kill the quokka!
The gnoll hits you from afar with a +0 spear.
The gnoll closely misses you.
You hit the gnoll.
The gnoll is heavily wounded.
The gnoll hits you with a +0 spear.
You hit the gnoll.
The gnoll is severely wounded.
The gnoll hits you with a +0 spear!
* * * LOW HITPOINT WARNING * * *
Unknown command.
You are healed.
The gnoll hits you with a +0 spear.
You die...

...##########†#########.# #'#
...#.....# #.# #......# ...
####.....# #.# #.....## .....
#.....# #.####..##.# ......g
####.....####....#..##.##.......g
)..'.....'.......)..g...'.>......
####.....#######.#.....##........
#.....# #g######...# # #.....#
#@# ### ...# #
#....########'###.. ...'. ##
#....#.........##.# B..### .#
#....#....8....##.# ..r#
.######.#.........##.# .... ..#
#.#.#..<######.# #.... #†##
#.#.#.#.# #.# #..#
#.#.#.#∩######.# ...##
#.#.#<#.#......######


You could see a gnoll.

Vanquished Creatures
  2 gnolls
  2 adders (D:2)
  An adder skeleton (D:2)
  A dart slug (D:1)
  2 ball pythons (D:1)
  3 bats (D:1)
  2 endoplasms (D:1)
  A giant cockroach (D:2)
  5 goblins
  4 hobgoblins (D:1)
  3 kobolds (D:1)
  2 quokkas
  5 frilled lizards
  4 rats
37 creatures vanquished.

Notes
Turn   | Place    | Note
-------+----------+-------------------------------------------
     0 | D:1      | olmar the Djinni Transmuter began the quest for the Orb.
     0 | D:1      | Reached XP level 1. HP: 17/17 MP: 0/0
    17 | D:1      | Found a faded altar of an unknown god.
    69 | D:1      | Became a worshipper of Elyvilon the Healer
    69 | D:1      | Reached * piety under Elyvilon
   147 | D:1      | Reached XP level 2. HP: 12/22 MP: 0/0
  1029 | D:1      | Reached XP level 3. HP: 24/27 MP: 0/0
  1029 | D:1      | Learned a level 1 spell: Animate Skeleton
  1616 | D:1      | Reached ** piety under Elyvilon
  1837 | D:2      | Found Nohemij's Book Emporium.
  1885 | D:2      | You are sucked into a shaft and drop 1 floor!
  1965 | D:2      | Reached XP level 4. HP: 26/32 MP: 0/0
  2613 | D:2      | Slain by a gnoll

Illustrated notes

Levels and vault maps discovered:
D:1:      dpeg_arrival_pond, layout_basic, basic_ecumenical_altar,
          minmay_unequal
D:2:      layout_basic, serial_shops, shop_statue
D:3:      layout_loops_cross, okawaru_ov_weapons_minmay,
          mainiacjoe_overflow_24_doors

Skill      XL: |  1  2 |
---------------+-------+-----
Spellcasting   | 2 |  2.4
Fighting       | |  1.2
Dodging        | |  2.8
Unarmed Combat | |  3.9

Action                   |  1- 3 |  4- 6 || total
-------------------------+-------+-------++-------
Melee: Unarmed           |   110 |    44 ||   154
       Headbutt          |    10 |     2 ||    12
       Punch             |       |     1 ||     1
 Cast: Beastly Appendage |    22 |     5 ||    27
Invok: Lesser Healing    |     1 |     9 ||    10
 Stab: Distracted        |     1 |       ||     1
Armor: Robe              |    18 |     4 ||    22
Dodge: Dodged            |    57 |    46 ||   103

Table legend: (Time is in decaauts)
 A = Elapsed time spent in this place.
 B = Non-inter-level travel time spent in this place.
 C = Inter-level travel time spent in this place.
 D = Time resting spent in this place.
 E = Time spent auto-exploring this place.
 F = Levels seen in this place.
 G = Mean time per level.
                   A        B        C        D        E       F      G
               +--------+--------+--------+--------+--------+-----+--------+
         Total |   2603 |   2584 |     19 |    729 |   1440 |   3 |  867.7 |
       Dungeon |   2603 |   2584 |     19 |    729 |   1440 |   3 |  867.7 |
               +--------+--------+--------+--------+--------+-----+--------+

Top non-repeatable levels by time:
     D:1: 1774 daAuts
     D:2: 789 daAuts
     D:3: 38 daAuts
